Map: Inferno Pools (Void)

Players

oBird

  • Race: Zerg Zerg
  • League: Grandmaster

Javert - Winner!

  • Race: Zerg Zerg
  • League: Grandmaster

VOD

Have the link to the VOD?

Description

Time

  • Played on: June 13, 2015, 6:37 p.m.
  • Length: 13:49
Show
View Real Time Build Order
Export as new Build Order

oBird Zerg 

Build Orders: Hatch First 

Get SALT Encoding   

  12  0:02  Drone  
  13  0:18  Overlord  
  13  0:20  Drone  
  14  0:43  Hatchery  
  15  0:50  Drone x2  
  15  0:54  Drone  
  16  1:01  Drone  
  17  1:14  Spawning Pool  
  17  1:17  Drone  
  17  1:25  Drone  
  18  1:33  Drone, Extractor  
  18  1:44  Drone  
  19  1:56  Drone x2  
  19  2:00  Queen x2  
  25  2:05  Overlord  
  25  2:13  Zergling x2  
  26  2:17  Drone x2  
  29  2:30  Drone x2  
  30  2:45  Drone x2  
  30  2:49  Overlord  
  30  2:50  Drone  
  33  2:59  Zergling x2  
  33  3:00  Zergling x2  
  35  3:06  Baneling Nest  
  35  3:10  Zergling x2  
  35  3:11  Drone x7  
  42  3:19  Overlord  
  42  3:20  Zergling x2  
  43  3:36  Metabolic Boost  
  43  3:44  Queen  
  43  3:49  Drone x7  
  43  3:50  Drone x2  
  52  3:56  Baneling x2  
  52  3:58  Overlord x2  
  52  4:03  Extractor  
  52  4:04  Extractor  
  52  4:09  Evolution Chamber  
  49  4:11  Lair  
  49  4:13  Overlord  
  49  4:18  Roach Warren  
  47  4:34  Baneling x2  
  47  4:35  Baneling  
  47  4:43  Drone x4  
  51  4:56  Zerg Missile Weapons Level 1  
  51  5:00  Evolution Chamber  
  51  5:03  Overlord x2  
  49  5:09  Roach x9  
  49  5:13  Overlord  
  49  5:14  Overlord  
  67  5:23  Roach x3  
  67  5:25  Glial Reconstitution  
  73  5:38  Roach x4  
  81  5:53  Drone, Overlord x2  
  82  6:01  Drone x4  
  82  6:03  Queen  
  87  6:25  Roach  
  89  6:26  Roach x8  
  89  6:27  Roach  
  106  6:46  Hatchery  
  105  6:58  Hydralisk Den  
  105  6:59  Spore Crawler  
  105  7:01  Spore Crawler  
  100  7:09  Drone  
  100  7:10  Drone x7  
  100  7:12  Spore Crawler  
  107  7:15  Spore Crawler  
  107  7:18  Spore Crawler  
  107  7:20  Extractor  
  104  7:32  Muscular Augments  
  104  7:35  Drone  
  104  7:36  Drone x2  
  104  7:37  Drone x2  
  106  7:49  Hydralisk  
  106  7:50  Hydralisk  
  108  7:51  Overlord  
  108  7:52  Overlord x3  
  100  8:11  Hydralisk x4  
  92  8:20  Hydralisk  
  92  8:25  Hydralisk x2  
  84  8:28  Pneumatized Carapace  
  84  8:34  Hydralisk x2  
  78  8:44  Hydralisk x7  
  92  8:54  Hydralisk x2  
  92  8:55  Hydralisk  
  98  8:58  Hydralisk x2  
  102  9:03  Spore Crawler  
  102  9:08  Hydralisk x2  
  105  9:13  Zerg Missile Weapons Level 2  
  103  9:22  Hydralisk x2  
  107  9:24  Zergling x2  
  107  9:25  Zergling x10  
  107  9:47  Hydralisk x2  
  107  9:48  Zergling x4  
  109  10:04  Hydralisk x6  
  109  10:05  Hydralisk  
  109  10:07  Zergling x2  
  120  10:18  Zerg Ground Armor Level 1  
  120  10:20  Zergling x4  
  122  10:22  Zergling x4  
  124  10:38  Hydralisk  
  124  10:39  Zergling x10  
  125  10:56  Overlord, Hydralisk  
  125  10:57  Hydralisk, Zergling x6  
  125  11:03  Overlord  
  127  11:13  Hydralisk x4  
  127  11:14  Zergling x10  
  119  11:20  Zergling x2  
  119  11:29  Hydralisk, Zergling x2  
  101  11:37  Zergling x2  
  75  11:47  Hydralisk x3  
  75  11:48  Hydralisk, Zergling x12  
  87  11:54  Zergling x2  
  87  12:00  Zergling x2  
  89  12:05  Zergling x2  
  89  12:14  Zergling x2  
  90  12:18  Hydralisk, Zergling x2  
  93  12:33  Hatchery  
  93  12:34  Hydralisk  
  93  12:35  Zergling x6  
  88  12:51  Hydralisk, Zergling x2  
  77  12:52  Zergling x2  
  81  13:02  Zergling x2  
  81  13:14  Zergling x4  
  81  13:17  Extractor  
  82  13:22  Extractor  
  82  13:25  Zergling x4  
Show
View Real Time Build Order
Export as new Build Order

Javert Zerg - Winner!

Build Orders: Hatch First, Muta Ling Bane 

Get SALT Encoding   

  12  0:01  Drone  
  13  0:14  Overlord  
  13  0:21  Drone  
  14  0:33  Drone x2  
  16  0:51  Hatchery  
  16  0:54  Drone  
  16  0:56  Extractor  
  15  1:13  Spawning Pool  
  15  1:16  Drone  
  15  1:20  Drone  
  15  1:23  Drone  
  17  1:32  Drone  
  18  1:39  Overlord  
  18  2:00  Metabolic Boost  
  18  2:01  Queen  
  18  2:05  Queen  
  22  2:14  Drone x2  
  24  2:16  Drone  
  24  2:19  Drone  
  26  2:31  Zergling x6  
  29  2:46  Zergling x4  
  29  2:47  Zergling x2  
  32  2:58  Baneling Nest, Drone x2  
  31  2:59  Drone  
  34  3:08  Drone  
  35  3:15  Overlord  
  35  3:31  Drone  
  35  3:32  Drone, Overlord  
  34  3:42  Drone x5  
  37  4:00  Drone x5  
  37  4:01  Drone x2  
  44  4:11  Lair  
  44  4:13  Extractor  
  44  4:15  Zergling x2  
  44  4:16  Zergling x10  
  49  4:40  Extractor x2  
  49  4:44  Drone x5  
  52  4:51  Overlord  
  52  4:56  Overlord x2  
  52  5:08  Overlord  
  52  5:13  Overlord x2, Spire  
  51  5:17  Drone x6  
  57  5:28  Evolution Chamber  
  57  5:30  Evolution Chamber  
  55  5:47  Drone x4  
  55  5:48  Drone x7  
  65  6:01  Zerg Ground Armor Level 1  
  65  6:08  Overlord  
  65  6:10  Drone x9  
  65  6:11  Drone  
  69  6:28  Mutalisk x4  
  77  6:34  Mutalisk  
  79  6:40  Zerg Flyer Weapons Level 1  
  79  6:51  Mutalisk x4  
  87  7:05  Drone x8  
  95  7:13  Zerg Missile Weapons Level 1, Hatchery  
  94  7:19  Drone x2  
  94  7:22  Hatchery x2, Extractor  
  95  7:25  Extractor  
  92  7:36  Zergling x10  
  97  7:43  Zergling x8  
  101  7:55  Zergling x12  
  100  8:10  Zergling x6  
  100  8:11  Queen  
  100  8:26  Zergling x6  
  96  8:34  Mutalisk  
  96  8:35  Mutalisk x4  
  106  8:45  Mutalisk x3, Extractor  
  106  8:46  Extractor  
  110  9:03  Centrifical Hooks  
  110  9:06  Hatchery  
  109  9:18  Baneling  
  109  9:19  Baneling x6  
  109  9:26  Drone x2  
  109  9:29  Overlord x5  
  106  9:47  Zergling x2  
  106  9:48  Zergling x18  
  113  10:04  Zergling x6  
  116  10:14  Baneling x11  
  116  10:15  Baneling x5  
  116  10:17  Zergling x2  
  116  10:18  Zergling x4  
  119  10:23  Zerg Missile Weapons Level 2  
  119  10:34  Drone x8  
  127  10:39  Ventral Sacs  
  127  10:40  Overlord x2  
  125  10:51  Burrow  
  125  10:54  Zergling x4  
  125  10:55  Zergling x22  
  129  11:14  Hatchery, Zergling x18  
  129  11:17  Baneling x4  
  129  11:18  Baneling x2  
  109  11:36  Mutalisk  
  109  11:37  Mutalisk x4  
  106  11:54  Zergling x20  
  115  12:01  Queen  
  116  12:11  Zergling x16  
  116  12:14  Baneling x7  
  124  12:19  Drone x6  
  124  12:20  Drone x4  
  126  12:38  Zergling x12  
  121  12:51  Zergling x14  
  113  13:02  Zergling x2  
  113  13:03  Zergling x12  
  108  13:14  Zergling x12  
  108  13:17  Baneling x7  
  108  13:18  Baneling x3  
  113  13:21  Zergling x2  
Tags
 
Add a new tag
Caveats
  • Supply blocks, unpowered buildings, or Contaminate may cause inaccurate times.
  • Supply counts are checked every 10 seconds.